 Dungeon Crawl Stone Soup version 0.27-a0-906-g0a00ce863d (console) character file.

Game seed: 16636024149618953478

52931 jejorda2 the Phalangite (level 14, -8/169 HPs)
             Began as a Merfolk Berserker on Apr 7, 2021.
             Was a High Priest of Trog.
             Mangled by a yaktaur captain
             ... wielding the +5 halberd of Floods {flame, Contam MP+9 Int+2 Dex+3}
              (15 damage)
             ... on level 12 of the Dungeon.
             The game lasted 00:46:21 (19578 turns).

jejorda2 the Phalangite (Merfolk Berserker)        Turns: 19578, Time: 00:46:22

Health: -8/169     AC: 19    Str: 21    XL:     14   Next: 66%
Magic:  14/14      EV:  9    Int: 13    God:    Trog [*****.]
Gold:   533        SH:  0    Dex: 15    Spells: 13/13 levels left

rFire    . . .     SeeInvis +   a - +2 glaive (vamp)
rCold    . . .     Faith    +   (shield currently unavailable)
rNeg     . . .     Spirit   .   K - +0 plate armour
rPois    .         Reflect  .   D - +1 helmet
rElec    .         Harm     .   g - +0 cloak "Ylymik" {Regen+ Int+7}
rCorr    .         Rampage  .   (no gloves)
Will     +++..                  x - +0 pair of boots
Stlth    ..........             y - amulet of faith
HPRegen  2.38/turn              u - +4 ring of slaying
MPRegen  0.14/turn              l - ring of see invisible

@: berserking (expiring), regenerating, slowed
A: (nimble swimmer 2), mertail
a: Renounce Religion, Berserk, Trog's Hand, Brothers in Arms


You were on level 12 of the Dungeon.
You worshipped Trog.
Trog was extremely pleased with you.
You visited 2 branches of the dungeon, and saw 18 of its levels.
You also visited: Ossuary.

You collected 1289 gold pieces.
You spent 756 gold pieces at shops.

Inventory:

Hand Weapons
 a - a +2 vampiric glaive (weapon)
 b - a +0 bardiche of flaming
 v - a +1 antimagic halberd
 N - a +3 glaive
Missiles
 i - 2 datura-tipped darts
 n - 58 poisoned darts (quivered)
 B - 2 throwing nets
 F - 3 curare-tipped darts
Armour
 g - the +0 cloak "Ylymik" (worn) {Regen+ Int+7}
   (You found it on level 4 of the Lair of Beasts)

   It affects your intelligence (+7).
   It increases your rate of health regeneration.
 x - a +0 pair of boots (worn)
 D - a +1 helmet (worn)
 K - a +0 plate armour (worn)
Jewellery
 d - a ring of fire
 l - a ring of see invisible (right hand)
 u - a +4 ring of slaying (left hand)
 y - an amulet of faith (around neck)
 C - a ring of ice
 E - a ring of protection from fire
 I - a ring of poison resistance
Wands
 q - a wand of polymorph (10)
 w - a wand of iceblast (23)
 G - a wand of flame (29)
 J - a wand of digging (7)
 M - a wand of acid (22)
 P - a wand of charming (14)
Scrolls
 o - 3 scrolls of teleportation
 t - a scroll of magic mapping
 L - 5 scrolls of identify
 O - 2 scrolls of fog
 R - a scroll of enchant weapon
Potions
 c - a potion of cancellation
 e - 3 potions of attraction
 f - 5 potions of flight
 h - 6 potions of haste
 j - 3 potions of invisibility
 k - 6 potions of curing
 m - a potion of berserk rage
 p - a potion of might
 r - a potion of resistance
 s - a potion of heal wounds
 z - 2 potions of mutation
 H - 4 potions of ambrosia
 Q - a potion of brilliance {unknown}
Miscellaneous
 A - a lightning rod (2/4)


   Skills:
 + Level 11.0 Fighting
 + Level 23.4 Polearms
 - Level 10.0 Armour
 - Level 7.0 Dodging
 + Level 4.6 Evocations


You had 13 spell levels left.
You didn't know any spells.
Your spell library was empty.

Dungeon Overview and Level Annotations

Branches:
Dungeon (12/15)            Temple (0/1) D:7            Lair (6/6) D:8
 Shoals (0/4) Lair:2       Spider (0/4) Lair:2        Slime (0/5) Lair:6
    Orc (0/2) D:12        Ossuary (visited)

Altars:
Ashenzari
Elyvilon
Fedhas
Gozag
Hepliaklqana
Nemelex Xobeh
Qazlal
Trog
Uskayaw
Wu Jian
Xom
Zin

Shops:
D:3 !   D:8 =

Portals:
Trove: D:10 (give 16 potions of curing)

Annotations:
D:2 1 exclusion, Sigmund
D:4 1 runed translucent door, porpoise's ghost, amateur DgEE
D:8 1 runed translucent door, Cheivey's ghost, novice MiFi


Innate Abilities, Weirdness & Mutations

((You are quick and stealthy near water. (Stealth+, EV+, Speed+++)))
Your lower body shifts to a powerful aquatic tail in water.


Message History

The yaktaur captain wields the +5 halberd of Floods {flame, Contam MP+9 Int+2 Dex+3}.
It bursts into flame!
The yaktaur captain barely misses you.
Your lightning rod (2/4) has regained one charge.
You slash the cyclops!
You feel better.
The cyclops is moderately wounded.
The cyclops hits you.
* * * LOW HITPOINT WARNING * * *
The yaktaur captain hits you but does no damage.
You slash the cyclops!
You feel better.
The cyclops is heavily wounded.
The necromancer hits you but does no damage.
You slash the cyclops!
The cyclops is severely wounded.
The yaktaur captain hits you with the +5 halberd of Floods {flame, Contam MP+9 Int+2 Dex+3}!
* * * LOW HITPOINT WARNING * * *
The yaktaur captain burns you.
* * * LOW HITPOINT WARNING * * *
The cyclops simulacrum hits you!
* * * LOW HITPOINT WARNING * * *
The cyclops simulacrum freezes you!!
* * * LOW HITPOINT WARNING * * *
The cyclops barely misses you.
Unknown command.
You slice the cyclops!!
You feel better.
You kill the cyclops!
Trog accepts your kill.
A freezing mist starts to gather...
The necromancer closely misses you.
The yaktaur captain hits you with the +5 halberd of Floods {flame, Contam MP+9 Int+2 Dex+3}!!
* * * LOW HITPOINT WARNING * * *
The yaktaur captain burns you.
* * * LOW HITPOINT WARNING * * *
Your Fighting skill increases to level 11!
You closely miss the necromancer.
The vampire throws a stone.
The stone barely misses you.
The stone hits the cyclops simulacrum!
The necromancer gestures wildly while chanting.
The necromancer binds the souls of nearby monsters.
You slice the necromancer!!
The necromancer is severely wounded.
The yaktaur captain hits you with the +5 halberd of Floods {flame, Contam MP+9 Int+2 Dex+3}!
You die...

# # # . #... ..
..+...#### :.. #######
#.##...#...
....##.....###.##...#...
....V.(p#[..##.##...#...
##.#@Z.#.##.#....#...
#.(c.#.$..#.#....#...
##.#...#$##.#....'...
#...#(..').#....#...
##.....##))#....#...
#######.))####.#...
#.......#)# #.####
#..#######)# #.# #†# #.#


You could see a yaktaur captain (soul bound), a necromancer, a vampire
(resistant) and a cyclops simulacrum.

Vanquished Creatures
  A storm dragon (D:12)
  A yaktaur captain (D:12)
  A fire dragon (Lair:6)
  11 hydras
  2 boulder beetles
  Pikel (D:7)
  A deep elf archer (D:12)
  2 ugly things (D:12)
  2 oklob plants
  2 cyclopes (D:12)
  3 deep elf pyromancers
  6 black mambas
  5 elephants (Lair:4)
  A gargoyle (D:12)
  2 molten gargoyles (Lair:6)
  Maggie (D:8)
  A torpor snail (Lair:6)
  8 cane toads
  2 unseen horrors
  3 kobold demonologists (D:12)
  3 rime drakes
  11 komodo dragons
  2 trolls
  Grinder (D:3)
  2 jumping spiders (Lair:2)
  A hornet (D:9)
  Prince Ribbit (D:7)
  12 blink frogs
  6 dream sheep
  A dire elephant simulacrum (Lair:4)
  2 shadows
  A vampire (D:11)
  10 wyverns
  3 wraiths
  Eustachio (D:5)
  28 yaks
  A vampire mosquito (D:12)
  5 basilisks
  3 steam dragons
  Grum (D:10)
  A warg (D:12)
  3 acid dragons
  7 water moccasins
  2 orc warriors
  Duvessa (D:6)
  3 hell hounds (Lair:6)
  A black bear (D:5)
  2 sky beasts
  5 ice beasts
  2 ogres
  2 necrophages
  7 centaurs
  13 wolves
  A phantom (D:6)
  4 lemures (D:7)
  An elf zombie (Ossuary)
  2 kobold brigands
  Blork the orc (D:4)
  11 bullfrogs
  2 gnoll sergeants
  Dowan (D:6)
  A water moccasin zombie (D:6)
  A wyvern skeleton (D:6)
  2 blink frog simulacra (Lair:4)
  9 killer bees (D:9)
  4 howler monkeys
  8 electric eels
  A rime drake simulacrum (Lair:4)
  6 centaur zombies
  5 lava snakes (Lair:6)
  4 human zombies (Ossuary)
  2 bullfrog zombies
  3 orc priests
  Crazy Yiuf (D:5)
  9 jellies
  2 centaur skeletons
  A gnoll shaman (D:9)
  3 iguanas
  6 orc wizards
  4 hell rats (Lair:6)
  Terence (D:3)
  A killer bee zombie (D:5)
  3 hound zombies (Ossuary)
  A hound skeleton (D:4)
  3 mummies (Ossuary)
  6 adders
  11 gnolls
  A white imp (D:7)
  An ufetubus (D:6)
  An adder skeleton (D:4)
  4 adder zombies (Ossuary)
  2 worms (D:2)
  29 orcs
  7 bats
  7 endoplasms
  5 giant cockroaches
  5 hobgoblins
  3 quokkas
  7 ball pythons
  2 frilled lizards
  2 gnoll zombies (Ossuary)
  5 goblins
  2 goblin zombies (Ossuary)
  2 hobgoblin zombies (Ossuary)
  2 jackal zombies (Ossuary)
  3 kobolds
  A kobold zombie (Ossuary)
  3 orc zombies (Ossuary)
  4 quokka zombies (Ossuary)
  8 rats
  7 rat zombies (Ossuary)
434 creatures vanquished.

Vanquished Creatures (collateral kills)
  A two-headed ogre (D:12)
  A lindwurm (Lair:6)
  A wolf spider (D:12)
  An ugly thing (D:12)
  A cyclops (D:12)
  A molten gargoyle (Lair:6)
  A yaktaur (D:12)
  An unseen horror (D:12)
  A freezing wraith (D:12)
  4 blink frogs
  5 dream sheep (Lair:4)
  A basilisk (D:12)
  A wraith (D:12)
  A vampire mosquito (D:12)
  A hell hound (Lair:6)
  A water moccasin (Lair:4)
  2 hell rats (Lair:6)
  2 orc wizards (D:12)
27 creatures vanquished.

Vanquished Creatures (others)
  22 fungi
  80 plants
102 creatures vanquished.

Grand Total: 563 creatures vanquished

Notes
Turn   | Place    | Note
-------+----------+-------------------------------------------
     0 | D:1      | jejorda2 the Merfolk Berserker began the quest for the Orb.
     0 | D:1      | Reached XP level 1. HP: 18/18 MP: 1/1
   180 | D:1      | Reached XP level 2. HP: 24/24 MP: 2/2
   267 | D:1      | Found a faded altar of an unknown god.
   288 | D:1      | Reached skill level 5 in Polearms
  1000 | D:2      | Reached XP level 3. HP: 29/29 MP: 3/3
  1040 | D:2      | Reached ** piety under Trog
  1465 | D:2      | Reached XP level 4. HP: 11/37 MP: 4/4
  1669 | D:2      | Reached skill level 6 in Polearms
  2233 | D:2      | Noticed Sigmund
  2302 | D:3      | Found Dunidone's Distillery.
  2378 | D:3      | Bought a potion of curing for 36 gold pieces
  2450 | D:3      | Noticed Grinder
  2469 | D:3      | Killed Grinder
  2470 | D:3      | Reached skill level 7 in Polearms
  2470 | D:3      | Reached XP level 5. HP: 43/43 MP: 5/5
  2470 | D:3      | Reached XP level 6. HP: 49/49 MP: 6/6
  2905 | D:3      | Found a glowing silver altar of Zin.
  3028 | D:3      | Noticed Terence
  3033 | D:3      | Killed Terence
  3336 | D:4      | Reached skill level 8 in Polearms
  3380 | D:4      | Found a runed translucent door.
  3380 | D:4      | Noticed porpoise's ghost (amateur DgEE)
  3749 | D:4      | Reached skill level 5 in Fighting
  3749 | D:4      | Reached XP level 7. HP: 56/56 MP: 7/7
  3988 | D:4      | Noticed Blork the orc
  4000 | D:4      | Killed Blork the orc
  4319 | D:5      | Entered Level 5 of the Dungeon
  4323 | D:5      | Identified 2 scrolls of acquirement
  4323 | D:5      | Acquired a +1 vampiric glaive
  4325 | D:5      | Acquired a +0 bardiche of flaming
  4332 | D:5      | Noticed Eustachio
  4363 | D:5      | Killed Eustachio
  4364 | D:5      | Reached skill level 9 in Polearms
  4396 | D:5      | Reached XP level 8. HP: 37/64 MP: 8/8
  4432 | D:5      | Found a hazy altar of Hepliaklqana.
  4432 | D:5      | Found a shimmering altar of Xom.
  4432 | D:5      | Found a white marble altar of Elyvilon.
  4469 | D:5      | Found a sand-covered staircase.
  4474 | Ossuary  | Entered an ossuary
  4541 | Ossuary  | Reached *** piety under Trog
  4553 | Ossuary  | Reached skill level 10 in Polearms
  5055 | D:5      | Found an ornate altar of the Wu Jian Council.
  5224 | D:5      | Found a runed translucent door.
  5225 | D:5      | Noticed Crazy Yiuf
  5322 | D:5      | Killed Crazy Yiuf
  5323 | D:5      | Reached skill level 11 in Polearms
  5687 | D:6      | Found a bloodstained altar of Trog.
  5694 | D:6      | Reached skill level 12 in Polearms
  5806 | D:6      | Reached XP level 9. HP: 69/69 MP: 9/9
  5810 | D:6      | Reached **** piety under Trog
  5883 | D:6      | Noticed an unseen horror
  5903 | D:6      | Killed an unseen horror
  5904 | D:6      | Reached skill level 13 in Polearms
  5904 | D:6      | Reached skill level 5 in Armour
  6255 | D:6      | Noticed Dowan
  6261 | D:6      | Noticed Duvessa
  6269 | D:6      | Killed Duvessa
  6275 | D:6      | Killed Dowan
  6561 | D:6      | Reached skill level 14 in Polearms
  6853 | D:7      | Found a broken altar of Ashenzari.
  6897 | D:7      | Found a hide-covered altar of Uskayaw.
  6954 | D:7      | Noticed Pikel
  6962 | D:7      | Reached XP level 10. HP: 76/76 MP: 10/10
  7002 | D:7      | Killed Pikel
  7003 | D:7      | Reached skill level 15 in Polearms
  7103 | D:7      | Noticed Prince Ribbit
  7110 | D:7      | Killed Prince Ribbit
  7126 | D:7      | Found a staircase to the Ecumenical Temple.
  7355 | D:7      | Found a sparkling altar of Nemelex Xobeh.
  7438 | D:8      | HP: 2/76 [steam dragon] (5)]
  7442 | D:8      | Reached skill level 16 in Polearms
  7798 | D:8      | Found an opulent altar of Gozag.
  7954 | D:8      | Found a staircase to the Lair.
  8085 | D:8      | Reached skill level 17 in Polearms
  8499 | D:8      | Found a runed translucent door.
  8501 | D:8      | Identified the +6 trident of Nemelex Xobeh {vorpal, MP+9
                  | Int+4 SInv}
  8501 | D:8      | Noticed Cheivey's ghost (novice MiFi)
  8609 | D:8      | Found Ximmer's Jewellery Emporium.
  8619 | D:8      | Bought a ring of poison resistance for 240 gold pieces
  8639 | D:8      | Noticed Maggie
  8650 | D:8      | Killed Maggie
  8830 | Lair:1   | Entered Level 1 of the Lair of Beasts
  8912 | Lair:1   | Reached skill level 18 in Polearms
  8919 | Lair:1   | Reached XP level 11. HP: 81/81 MP: 11/11
  9092 | Lair:1   | Identified the +1 trident of the Morning {vamp, Str+4}
  9176 | Lair:1   | Reached skill level 19 in Polearms
  9441 | Lair:1   | Noticed a seven-headed hydra
  9447 | Lair:1   | Killed a five-headed hydra
  9817 | Lair:2   | Reached skill level 20 in Polearms
 10012 | Lair:2   | Found a hole to the Spider Nest.
 10037 | Lair:2   | Noticed an oklob plant
 10042 | Lair:2   | Found a staircase to the Shoals.
 10051 | Lair:2   | Killed an oklob plant
 10380 | Lair:2   | Found a sparkling altar of Nemelex Xobeh.
 10784 | Lair:3   | Noticed a four-headed hydra
 10789 | Lair:3   | Killed a one-headed hydra
 10789 | Lair:3   | Reached ***** piety under Trog
 10790 | Lair:3   | Reached skill level 5 in Dodging
 10790 | Lair:3   | Reached XP level 12. HP: 79/88 MP: 12/12
 10809 | Lair:3   | Noticed a five-headed hydra
 10815 | Lair:3   | Killed a three-headed hydra
 11632 | Lair:3   | Noticed a four-headed hydra
 11638 | Lair:3   | Killed a one-headed hydra
 12206 | Lair:4   | Noticed an eight-headed hydra
 12218 | Lair:4   | Killed a six-headed hydra
 12412 | Lair:4   | Noticed a boulder beetle
 12425 | Lair:4   | Killed a boulder beetle
 12453 | Lair:4   | Reached skill level 21 in Polearms
 12494 | Lair:4   | Received a gift from Trog
 12516 | Lair:4   | Found a transporter.
 12552 | Lair:4   | Found a transporter.
 12568 | Lair:4   | Found an ornate altar of the Wu Jian Council.
 12823 | Lair:4   | Noticed an eight-headed hydra
 12826 | Lair:4   | Reached XP level 13. HP: 83/93 MP: 13/13
 13599 | Lair:4   | Identified the +0 cloak "Ylymik" {Regen+ Int+7}
 13785 | D:8      | Bought an amulet of faith for 480 gold pieces
 13987 | Lair:5   | Reached skill level 10 in Armour
 15198 | Lair:6   | Entered Level 6 of the Lair of Beasts
 15472 | Lair:6   | Found a staircase to the Slime Pits.
 15477 | Lair:6   | Reached skill level 22 in Polearms
 15599 | Lair:6   | Received a gift from Trog
 16072 | Lair:6   | Found a large runed translucent door.
 16073 | Lair:6   | Found a large runed translucent door.
 16081 | Lair:6   | Noticed a fire dragon
 16089 | Lair:6   | Killed a fire dragon
 16866 | D:9      | Reached XP level 14. HP: 93/108 MP: 14/14
 17636 | D:10     | Entered Level 10 of the Dungeon
 17717 | D:10     | Noticed Grum
 17745 | D:10     | Killed Grum
 17784 | D:10     | Found a portal to a secret trove of treasure.
 17839 | D:10     | Found a stormy altar of Qazlal.
 17841 | D:10     | Found a blossoming altar of Fedhas.
 18664 | D:11     | Reached skill level 1 in Evocations
 18752 | D:11     | Reached skill level 10 in Fighting
 19107 | D:11     | Reached skill level 23 in Polearms
 19333 | D:12     | Found a staircase to the Orcish Mines.
 19458 | D:12     | Noticed a storm dragon
 19467 | D:12     | Killed a storm dragon
 19504 | D:12     | Identified the +0 leather armour of the Accordion {rF+
                  | Str+6 Int+4 Dex-3}
 19523 | D:12     | Received a gift from Trog
 19544 | D:12     | Identified the +6 mace of the Egg {drain, rC+ Int+4}
 19546 | D:12     | Identified the +5 halberd of Floods {flame, Contam MP+9
                  | Int+2 Dex+3}
 19575 | D:12     | HP: 7/166 [cyclops simulacrum[a necromancer] (24)]
 19578 | D:12     | Mangled by a yaktaur captain

Illustrated notes

Levels and vault maps discovered:
D:1:      evilmike_arrival_fibonacci_small, layout_basic,
          basic_ecumenical_altar, hangedman_decor_points
D:2:      layout_basic, uniq_sigmund
D:3:      layout_loops_ring, zin_treasury, serial_shops,
          nicolae_shop_statue_plus, uniq_terence, uniq_grinder
D:4:      layout_loops_corners, gammafunk_ghost_grave, minmay_misc_feat_room,
          minmay_misc_feat_cross, uniq_blork_the_orc
D:5:      layout_rooms, gammafunk_temple_overflow_claw,
          nicolae_wu_jian_immortal_techniques,
          nicolae_ossuary_entry_false_entrances, serial_bayou_pond_e,
          uniq_eustachio, uniq_crazy_yiuf_cottage
D:6:      layout_gridville, bloody_trog, st_stairs_5, nicolae_lava_and_water,
          hangedman_minor_gate_pass, uniq_duvessa
D:7:      layout_cave_pools, evilmike_ruin_ashenzari,
          nicolae_uskayaw_dance_hall, nemelex_diamond_rough_becter,
          temple_fountains, uniq_pikel, uniq_prince_ribbit1
D:8:      layout_loops_corners, old_standard_altar, lair_entry_dummy,
          serial_shops, shop, ebering_ghost_funeral_grove, blue_anna_alchemist
          [blue_anna_fruit_fields, blue_anna_fruit_fields], uniq_maggie
D:9:      layout_basic, serial_bayou, serial_bayou_ford_a,
          serial_bayou_lagoon_a, serial_bayou_pond_b, serial_bayou_lagoon_b,
          minmay_misc_feat_nine_boxes, grunt_decor_clamped
D:10:     layout_roguey, grunt_temple_overflow_forces_of_nature,
          nicolae_trove_entry_isolated, uniq_grum
D:11:     layout_stronghold
D:12:     minmay_heptahexagon, layout_basic, david_orc_3,
          gammafunk_ghost_stat_death, kennysheep_nub
Lair:1:   layout_hall_layers, grunt_megastairs_5, serial_bayou_shore_a
Lair:2:   layout_loops_ring, shoals_dummy_entry, spider_nest_entry_a,
          basic_altar
Lair:3:   layout_regular_city
Lair:4:   gammafunk_cloud_chamber, layout_cave_pods, lemuel_oklob_altar,
          lemuel_fruit_tree
Lair:5:   wander_river, layout_layer_cave, serial_bayou_pond_b
Lair:6:   cheibrodos_lair_end_hotspot, layout_regular_city,
          nicolae_slime_entry_slimehenge

Skill      XL: |  1  2  3  4  5  6  7  8  9 10 11 12 13 14 |
---------------+-------------------------------------------+-----
Polearms       | 5 7 8 9 12 14 18 20 21 22 23 | 23.4
Armour         | 2 3 4 5 6 7 9 10 | 10.0
Fighting       | 4 5 6 9 11 | 11.0
Dodging        | 5 7 |  7.0
Evocations     | 4 |  4.6

Action                   |  1- 3 |  4- 6 |  7- 9 | 10-12 | 13-15 || total
-------------------------+-------+-------+-------+-------+-------++-------
Melee: Spear             |   116 |   134 |    15 |       |       ||   265
       Glaive            |       |       |    27 |   453 |   554 ||  1034
       Bardiche          |       |       |   230 |    28 |    33 ||   291
       Tailslap          |       |       |       |     1 |     7 ||     8
Throw: Dart              |       |       |       |     5 |       ||     5
Invok: Berserk           |     1 |     5 |     1 |     7 |     4 ||    18
       Trog's Hand       |     1 |     2 |       |     3 |     4 ||    10
       Brothers in Arms  |       |       |       |     2 |     6 ||     8
Evoke: Wand              |       |       |       |       |     5 ||     5
       Lightning rod     |       |       |       |       |     4 ||     4
  Use: Scroll            |       |       |    11 |    13 |     2 ||    26
       Potion            |       |       |       |     5 |     3 ||     8
Armor: Scale mail        |    20 |    16 |       |       |       ||    36
       Ring mail         |     7 |       |       |       |       ||     7
       Chain mail        |       |    15 |   171 |   174 |    21 ||   381
       Plate armour      |       |       |       |       |   249 ||   249
Dodge: Dodged            |    43 |    19 |   154 |   185 |   180 ||   581

Table legend: (Time is in decaauts)
 A = Elapsed time spent in this place.
 B = Non-inter-level travel time spent in this place.
 C = Inter-level travel time spent in this place.
 D = Time resting spent in this place.
 E = Time spent auto-exploring this place.
 F = Levels seen in this place.
 G = Mean time per level.
                   A        B        C        D        E       F      G
               +--------+--------+--------+--------+--------+-----+--------+
         Total |  19357 |  18366 |    991 |   1313 |  14083 |  19 | 1018.8 |
       Dungeon |  11522 |  10931 |    591 |    702 |   8445 |  12 |  960.2 |
          Lair |   7275 |   6876 |    399 |    610 |   5263 |   6 | 1212.5 |
       Ossuary |    559 |    559 |      0 |      0 |    375 |   1 |  559.0 |
               +--------+--------+--------+--------+--------+-----+--------+

Top non-repeatable levels by time:
     D:8: 1778 daAuts
  Lair:4: 1711 daAuts
     D:2: 1465 daAuts
     D:6: 1380 daAuts
  Lair:3: 1281 daAuts
  Lair:5: 1201 daAuts
     D:4: 1150 daAuts
  Lair:1: 1133 daAuts
  Lair:6: 1118 daAuts
    D:11: 951 daAuts
     D:9: 937 daAuts
     D:3: 865 daAuts
     D:1: 835 daAuts
  Lair:2: 829 daAuts
    D:10: 690 daAuts
